 Dungeon Crawl Stone Soup version 0.19-a0-453-g7eaa1ff (webtiles) character file.

63 shmeve the Skirmisher (level 3, -7/34 HPs)
             Began as a Minotaur Berserker on June 1, 2016.
             Was a Believer of Trog.
             Mangled by Sigmund
             ... wielding a +0 scythe of slicing
              (13 damage)
             ... on level 2 of the Dungeon on June 2, 2016.
             The game lasted 00:03:26 (746 turns).

shmeve the Skirmisher (Minotaur Berserker)           Turns: 746, Time: 00:03:27

Health: -7/34      AC:  2    Str: 22    XL:     3   Next: 87%
Magic:  2/2        EV: 12    Int:  4    God:    Trog [**....]
Gold:   60         SH:  0    Dex:  9    Spells: 0 memorised, 2 levels left

rFire  . . .     SeeInvis .     a - +0 hand axe
rCold  . . .     Gourm    .     b - +0 animal skin
rNeg   . . .     Faith    .     (no shield)
rPois  .         Spirit   .     (helmet restricted)
rElec  .         Dismiss  .     (no cloak)
rCorr  .         Reflect  .     (no gloves)
SustAt .         Harm     .     (no boots)
MR     .....                    (no amulet)
Stlth  +.........               (no ring)
                                (no ring)

@: exhausted, slowed, very slow, not resistant to hostile enchantments, very
unstealthy
A: retaliatory headbutt, horns 2
a: Berserk, Trog's Hand, Burn Spellbooks, Renounce Religion


You were on level 2 of the Dungeon.
You worshipped Trog.
Trog was pleased with you.
You were hungry.

You visited 1 branch of the dungeon, and saw 2 of its levels.

You collected 60 gold pieces.

Inventory:

Hand Weapons
 a - a +0 hand axe (weapon)
Armour
 b - a +0 animal skin (worn)
Scrolls
 d - a scroll of fog {unknown}
 g - 2 scrolls of teleportation {unknown}
 h - a scroll of identify {unknown}
Potions
 e - 2 potions of heal wounds {unknown}
 i - a potion of brilliance {unknown}
 j - a potion of agility {unknown}
 l - a potion of magic {unknown}
Comestibles
 c - a bread ration
 f - 2 meat rations
 k - a slice of pizza


   Skills:
 * Level 4.4 Fighting
 * Level 4.3 Axes
 + Level 3.1 Armour
 + Level 2.7 Dodging


You had 2 spell levels left.
You didn't know any spells.

Dungeon Overview and Level Annotations

Branches:
Dungeon (2/15)

Altars:

Annotations:
D:2 Sigmund


Innate Abilities, Weirdness & Mutations

You reflexively headbutt those who attack you in melee.
You have a pair of horns on your head.


Message History

You bump into the rock wall.
You're too confused to move!
You feel a strong urge to attack something.
You hear some strange, mumbled words.
A magic dart appears from out of thin air!
The magic dart hits you!
You miss something. You completely miss something. You headbutt something!!
Something hits you but does no damage.
You barely miss something. Your headbutt misses something.
You feel less confused.
You are no longer berserk.
You are exhausted.
You feel yourself slow down.
You are feeling hungry.
Something hits you!
Unknown command.
Something hits you.
* * * LOW HITPOINT WARNING * * *
x2 You miss something.
Something hits you!
You die...

..###...#..####
#.# #.###..# #.#
#.###.###..# #.#
#..........# #.#
......###.## #.#
#####.###.# #.#
#.........# #.#
#.####.#### #{#
#.# #.# ###@#
#.####.# #...#
...>...# #.###
...[#### #.#
#.#.# #.# #.#.#
#.#
#.#.##########.#
..#............#
################


There were no monsters in sight!

Vanquished Creatures
  Jessica (D:2)
  An adder (D:2)
  A ball python (D:1)
  A giant cockroach (D:1)
  5 goblins
  3 hobgoblins (D:1)
  5 bats
  5 kobolds (D:1)
  5 rats (D:1)
27 creatures vanquished.

Notes
Turn   | Place    | Note
--------------------------------------------------------------
     0 | D:1      | shmeve the Minotaur Berserker began the quest for the Orb.
     0 | D:1      | Reached XP level 1. HP: 19/19 MP: 0/0
   109 | D:1      | Upgraded the game from 0.19-a0-414-g76fec5b to 0.19-a0-453-g7eaa1ff
   133 | D:1      | Reached XP level 2. HP: 18/27 MP: 1/1
   645 | D:2      | Reached XP level 3. HP: 33/33 MP: 2/2
   693 | D:2      | Noticed Jessica
   698 | D:2      | Reached ** piety under Trog
   699 | D:2      | Killed Jessica
   734 | D:2      | Noticed Sigmund
   746 | D:2      | Mangled by Sigmund

Vault maps used:
D:1:      wheals_arrival_linesprint
D:2:      lemuel_crystal_altar, minmay_misc_feat_plants, uniq_jessica,
          uniq_sigmund

Skill      XL: |  1  2  3 |
---------------+----------+-----
Fighting       | 4 |  4.4
Axes           | 4 |  4.3
Armour         | 3 |  3.1
Dodging        | |  2.7

Action                   || total
-------------------------++-------
Melee: Hand axe          ||    59
       Headbutt          ||     7
Invok: Berserk           ||     1
Armor: Animal skin       ||    19
Dodge: Dodged            ||    43
